 Dungeon Crawl Stone Soup version 0.31-a0-523-g071a6c1 (webtiles) character file.

Game seed: 18158203720456652918

11183 OnlyTroll the Fighter (level 11, 0/102 HPs)
             Began as a Minotaur Fighter on Aug 11, 2023.
             Was an Initiate of Gozag.
             Slain by a redback (20 damage)
             ... in a Gauntlet.
             The game lasted 00:15:19 (9352 turns).

OnlyTroll the Fighter (Minotaur Fighter)            Turns: 9352, Time: 00:15:21

Health: 0/102      AC: 29    Str: 24    XL:     11   Next: 46%
Magic:  10/10      EV:  5    Int:  5    God:    Gozag
Gold:   1520       SH: 12    Dex: 11    Spells: 10/10 levels left

rFire   + . .        B - +4 flail
rCold   + . .        c - +1 buckler
rNeg    . . .        D - +0 crystal plate armour
rPois   .            (helmet restricted)
rElec   .            i - scarf {rC+ rF+}
rCorr   .            (no gloves)
SInv    .            (no boots)
Will    .....        m - amulet of reflection Stlth
                     l - +4 ring of protection
HPRegen 0.37/turn    b - +4 ring of protection
MPRegen 0.12/turn

%: no teleportation, reflection
@: lethally poisoned (0 -> -40)
A: horns 2, retaliatory headbutt
a: Renounce Religion, Potion Petition, Call Merchant, Bribe Branch


You were in a Gauntlet.
You worshipped Gozag.
Gozag was most pleased with you.
You visited 2 branches of the dungeon, and saw 12 of its levels.
You also visited: Gauntlet.

You collected 1567 gold pieces.
You paid 47 gold pieces to Gozag.

Inventory:

Hand Weapons
 x - a +1 flail of protection
 B - a +4 flail (weapon)
Missiles
 d - 2 throwing nets
Armour
 c - a +1 buckler (worn)
 i - a scarf of resistance (worn)
 D - a +0 crystal plate armour (worn)
Jewellery
 b - a +4 ring of protection (right hand)
 k - a +5 ring of evasion
 l - a +4 ring of protection (left hand)
 m - an amulet of reflection (around neck)
 r - a +6 ring of strength
Wands
 n - a wand of charming (9)
 y - a wand of acid (9)
Scrolls
 g - 3 scrolls of immolation
 o - a scroll of revelation
 s - a scroll of fear
 u - 2 scrolls of fog
 v - 4 scrolls of teleportation
 w - 2 scrolls of amnesia
 z - a scroll of silence
 A - a scroll of vulnerability
 F - a scroll of poison
 G - a scroll of brand weapon {unknown}
 H - a scroll of enchant armour
Potions
 a - a potion of heal wounds {unknown}
 e - 3 potions of brilliance {unknown}
 f - 4 potions of degeneration {unknown}
 h - a potion of enlightenment {unknown}
 j - 8 potions of curing
 p - 2 potions of haste {unknown}
 q - 2 potions of resistance {unknown}
 t - a potion of magic {unknown}
 C - a potion of lignification {unknown}
 E - a potion of mutation {unknown}
 I - a potion of berserk rage {unknown}


   Skills:
 + Level 11.5 Fighting
 + Level 11.2 Maces & Flails
 + Level 11.5 Armour
 + Level 11.5 Shields


You had 10 spell levels left.
You didn't know any spells.
Your spell library contained the following spells:

 Spells                   Type           Power      Damage    Failure   Level
 Apportation              Tloc           0%         N/A       100%        1
 Kiss of Death            Conj/Necr      0%         2d5       100%        1
 Necrotise                Necr           0%         1d4       100%        1
 Summon Small Mammal      Summ           0%         N/A       100%        1
 Blink                    Tloc           0%         N/A       100%        2
 Confusing Touch          Hex            0%         N/A       100%        3
 Vhi's Electric Charge    Tloc/Air       0%         N/A       100%        3
 Dispel Undead            Necr           0%         3d6       100%        4
 Manifold Assault         Tloc           0%         N/A       100%        4
 Arcjolt                  Conj/Air       0%         1d10      100%        5
 Maxwell's Capacitive Co  Air            0%         ∞         100%        8


Dungeon Overview and Level Annotations

Branches:
Dungeon (11/15)            Temple (1/1) D:5            Lair (0/5) D:11
    Orc (0/2) D:11        Gauntlet (1/1)

Altars:
Ashenzari
Cheibriados
Dithmenos
Elyvilon
Fedhas
Gozag
Hepliaklqana
Kikubaaqudgha
Makhleb
Nemelex Xobeh
Okawaru
Qazlal
Ru
Sif Muna
Trog
Uskayaw
Vehumet
Wu Jian
Xom
Yredelemnul
Zin
The Shining One

Shops:
D:10 (

Annotations:
Gauntlet 8 transporters


Innate Abilities, Weirdness & Mutations

You have a pair of horns on your head.
You reflexively headbutt those who attack you in melee.


Message History

You are poisoned.
The redback poisons you!
You feel extremely sick.
The redback bites you but does no damage.
The redback attacks as you move away! The redback bites you!!
* * * LOW HITPOINT WARNING * * *
You are more poisoned.
The redback poisons you!
* * * LOW HITPOINT WARNING * * *
You feel extremely sick. You block the redback's attack.
It was a potion of curing.
You feel better.
The redback bites you but does no damage.
You block the redback's attack. The redback barely misses you.
As you read the scroll of fear, it crumbles to dust.
You assume a fearsome visage.
The redback looks frightened!
The redback is unaffected.
The redback looks frightened!
You block the redback's attack. x2
Unknown command.
The redback attacks as you move away!
The redback bites you but does no damage.
You block the redback's attack. The redback attacks as you move away!
The redback barely misses you.
The moth of wrath's fur bristles in rage as it notices you.
You block the redback's attack. x2
You see here a scroll of teleportation.
The redback attacks as you move away! You block the redback's attack. x2
You see here a +2 robe of cold resistance.
The redback attacks as you move away! You block the redback's attack.
The redback bites you but does no damage.
There is a transporter here.
You enter the transporter and appear at another place.
You block the redback's attack. The redback bites you.
* * * LOW HITPOINT WARNING * * *
The redback bites you.
* * * LOW HITPOINT WARNING * * *
You are lethally poisoned!
The redback poisons you! The redback bites you!!
You die...
Your body crumbles into a pile of gold.

#≈.............≈.............≈...
#∩............≈8≈...........§8§..
#§.............≈.............≈...
#..###########...###########...##
#..##.......##...#...#.#...#...#.
#..#.#^...^#.#...#..#...#..#...#.
#..#..#^..#..#####[##...##.######
#..#?..#^#...#.s.#.^##.#..##...#.
#..#©...#©..y#©.@#§.#^©s...#©.©#©
#..#[..#^#..s#..s#[.##$#..##...#.
#..#).#^..#..#####?##..s##.######
#..#.#^....#.#...#..#.s.#..#...#.
#..##.......##.8.#...#.#...#.8.#[
#..###########...###########...##
#................................
#≈...............................
#################################


You could see a moth of wrath and 4 redbacks.

Vanquished Creatures
  Harold (D:9)
  A boulder beetle (D:10)
  2 two-headed ogres
  Pikel (D:6)
  A moth of wrath (Gauntlet)
  Maggie (D:9)
  2 trolls
  2 hornets
  Prince Ribbit (D:7)
  6 flying skulls (Gauntlet)
  3 yaks (D:11)
  2 wyverns (D:10)
  Eustachio (D:6)
  3 steam dragons
  Edmund (D:6)
  Duvessa (D:7)
  An ice beast (D:5)
  4 orc warriors
  A sky beast (D:6)
  An ogre (D:5)
  2 black bears (D:5)
  4 centaurs
  2 phantoms
  3 bullfrogs
  A gnoll sergeant (D:9)
  6 scorpions
  A water moccasin zombie (D:4)
  21 wights
  Dowan (D:7)
  2 water moccasin skeletons (D:4)
  5 killer bees (D:10)
  3 howler monkeys
  A hound (D:6)
  A jelly (D:6)
  3 orc priests
  A gnoll bouda (D:6)
  3 sleepcaps
  3 iguanas
  6 orc wizards
  A hound zombie (D:4)
  2 howler monkey zombies (D:4)
  Robin (D:3)
  6 gnolls
  9 adders
  A white imp (D:6)
  An ufetubus (D:4)
  2 adder zombies (D:4)
  2 worms
  2 dart slugs
  24 orcs
  4 ball pythons
  7 endoplasms
  2 giant cockroaches
  11 goblins
  7 hobgoblins
  6 kobolds
  7 quokkas
  4 bats
  5 frilled lizards
  4 rats
213 creatures vanquished.

Notes
Turn   | Place    | Note
-------+----------+-------------------------------------------
     0 | D:1      | OnlyTroll the Minotaur Fighter began the quest for the Orb.
     0 | D:1      | Reached XP level 1. HP: 19/19 MP: 0/0
   211 | D:1      | Reached XP level 2. HP: 27/27 MP: 1/1
   809 | D:2      | Reached XP level 3. HP: 28/33 MP: 2/2
  1134 | D:2      | Found a faded altar of an unknown god.
  1300 | D:2      | Reached XP level 4. HP: 39/40 MP: 3/3
  2044 | D:4      | Noticed a phantom
  2057 | D:4      | Killed a phantom
  2058 | D:4      | Reached XP level 5. HP: 39/47 MP: 4/4
  2072 | D:4      | Noticed Robin
  2087 | D:3      | Killed Robin
  2088 | D:3      | Reached skill level 5 in Shields
  2104 | D:3      | Reached skill level 5 in Armour
  2106 | D:4      | Noticed a steam dragon
  2110 | D:3      | Reached skill level 5 in Fighting
  2120 | D:4      | Reached XP level 6. HP: 48/56 MP: 5/5
  2128 | D:4      | Killed a steam dragon
  2349 | D:4      | Reached skill level 5 in Maces & Flails
  2349 | D:4      | Reached XP level 7. HP: 62/62 MP: 6/6
  2650 | D:5      | Entered Level 5 of the Dungeon
  2708 | D:5      | Found a staircase to the Ecumenical Temple.
  2862 | Temple   | Entered the Ecumenical Temple
  2871 | Temple   | Became a worshipper of Gozag Ym Sagoz the Greedy
  2974 | D:5      | Found a broken altar of Ashenzari.
  3023 | D:5      | Reached XP level 8. HP: 71/71 MP: 7/7
  3857 | D:6      | Noticed Pikel
  3876 | D:6      | Killed Pikel
  4336 | D:6      | Reached XP level 9. HP: 81/81 MP: 8/8
  4564 | D:6      | Noticed Eustachio
  4574 | D:6      | Killed Eustachio
  4582 | D:6      | Noticed Edmund
  4600 | D:6      | Killed Edmund
  5035 | D:7      | Identified the +3 dagger "Juwas" {flame, SInv}
  5101 | D:7      | Noticed Prince Ribbit
  5130 | D:7      | Killed Prince Ribbit
  5144 | D:7      | Noticed Dowan
  5146 | D:7      | Noticed Duvessa
  5154 | D:7      | Killed Dowan
  5161 | D:7      | Killed Duvessa
  5697 | D:8      | Reached XP level 10. HP: 91/91 MP: 9/9
  5877 | D:8      | Identified the +1 mace of the Little People {flame, Str+2
                  | Dex-4 Stlth+}
  6138 | D:8      | Found a glowing silver altar of Zin.
  6379 | D:8      | Noticed a boulder beetle
  6640 | D:9      | Noticed Harold
  6654 | D:9      | Killed Harold
  6659 | D:9      | Reached skill level 10 in Shields
  6683 | D:9      | Reached skill level 10 in Fighting
  6683 | D:9      | Reached skill level 10 in Armour
  6794 | D:9      | Noticed a two-headed ogre
  6799 | D:9      | Killed a two-headed ogre
  6886 | D:9      | Reached skill level 10 in Maces & Flails
  7391 | D:9      | Noticed Maggie
  7402 | D:9      | Killed Maggie
  7594 | D:10     | Entered Level 10 of the Dungeon
  7699 | D:10     | Found Zafiow's Weapon Boutique.
  7989 | D:10     | Noticed a boulder beetle
  8020 | D:10     | Reached XP level 11. HP: 93/101 MP: 10/10
  8044 | D:10     | Killed a boulder beetle
  8269 | D:10     | Found a bloodstained altar of Trog.
  8277 | D:10     | Found a glowing golden altar of the Shining One.
  8838 | D:11     | Noticed a two-headed ogre
  8847 | D:11     | Killed a two-headed ogre
  8871 | D:11     | Found a gate leading to a gauntlet.
  8894 | Gauntlet | Entered a Gauntlet
  8894 | Gauntlet | Found a transporter.
  8894 | Gauntlet | Found a transporter.
  8894 | Gauntlet | Found a transporter.
  8911 | Gauntlet | Found a transporter.
  8912 | Gauntlet | Found a transporter.
  8926 | Gauntlet | Found a transporter.
  8927 | Gauntlet | Found a transporter.
  8928 | Gauntlet | Noticed a quicksilver ooze
  8936 | Gauntlet | Found a transporter.
  9028 | Gauntlet | Found a transporter.
  9042 | Gauntlet | Found a transporter.
  9044 | Gauntlet | Found a transporter.
  9054 | Gauntlet | Found a transporter.
  9352 | Gauntlet | Slain by a redback

Illustrated notes

Levels and vault maps discovered:
D:1:      orjb1_lava_funnel, layout_basic
D:2:      layout_basic, hellmonk_ecumenical_altar_crossroads,
          kennysheep_generic_room_11
D:3:      layout_basic
D:4:      minmay_chambers_of_threes, layout_rooms, serial_undead,
          serial_undead_f, serial_undead_f, serial_undead_b, serial_undead_b,
          serial_undead_e, serial_undead_c, uniq_robin
D:5:      layout_basic, nicolae_ashenzari_panopticon,
          minmay_temple_entry_slanted
D:6:      minmay_angry_zag, layout_loops_cross, minmay_liquid_box, uniq_pikel,
          uniq_eustachio, uniq_edmund
D:7:      layout_rooms, minmay_fountain_box, uniq_prince_ribbit1, uniq_duvessa
D:8:      layout_loops_ring, zin_statuary, kennysheep_just_a_vault
D:9:      lemuel_slime, layout_basic, interstate_on_off, uniq_maggie,
          uniq_harold
D:10:     layout_cave_pods, mainiacjoe_overflow_large_starburst, serial_shops,
          nicolae_shop_back_alley_shop
D:11:     layout_loops_corners, david_lair_generic,
          minmay_orc_entry_temple_small, gauntlet_entry_generic,
          amcnicky_mini_corridor_feature, serial_bayou_pond_a,
          blue_anna_alchemist
Temple:   mainiacjoe_temple_coin_purse
Gauntlet: gammafunk_gauntlet_hard_choice [nicolae_gauntlet_arena_t_cross,
          gammafunk_gauntlet_arena_arrow_garden,
          gammafunk_gauntlet_arena_split_x, gammafunk_gauntlet_arena_chambers,
          gammafunk_gauntlet_arena_teeth, nicolae_gauntlet_arena_x,
          gauntlet_exit_watery]

Skill      XL: |  1  2  3  4  5  6  7  8  9 10 11 |
---------------+----------------------------------+-----
Shields        | 4 5 6 8 9 10 11 | 11.5
Fighting       | 4 5 6 8 9 10 11 | 11.5
Maces & Flails | 3 4 5 6 7 8 10 11 | 11.2
Armour         | 4 5 6 7 9 10 11 | 11.5

Action                     |  1- 3 |  4- 6 |  7- 9 | 10-12 || total
---------------------------+-------+-------+-------+-------++-------
  Melee: Flail             |    57 |    96 |   289 |   350 ||   792
         Headbutt          |     6 |    21 |    59 |    82 ||   168
    Use: Scroll            |       |       |    10 |     5 ||    15
         Potion            |       |       |     1 |     2 ||     3
   Stab: Distracted        |       |       |     1 |       ||     1
 Armour: Scale mail        |    27 |    30 |    85 |       ||   142
         Plate armour      |       |       |    23 |    61 ||    84
         Crystal plate arm |       |       |       |   156 ||   156
  Dodge: Dodged            |    25 |    80 |   107 |    73 ||   285
  Block: Buckler           |    11 |    65 |   162 |   232 ||   470
         Reflection        |       |       |     1 |     6 ||     7

Table legend: (Time is in decaauts)
 A = Elapsed time spent in this place.
 B = Non-inter-level travel time spent in this place.
 C = Inter-level travel time spent in this place.
 D = Time resting spent in this place.
 E = Time spent auto-exploring this place.
 F = Levels seen in this place.
 G = Mean time per level.
                   A        B        C        D        E       F      G
               +--------+--------+--------+--------+--------+-----+--------+
         Total |   9375 |   9013 |    362 |    185 |   7163 |  13 |  721.2 |
       Dungeon |   8906 |   8560 |    346 |    185 |   6868 |  11 |  809.6 |
        Temple |     18 |      2 |     16 |      0 |      0 |   1 |   18.0 |
      Gauntlet |    449 |    449 |      0 |      0 |    295 |   1 |  449.0 |
               +--------+--------+--------+--------+--------+-----+--------+

Top non-repeatable levels by time:
    D:10: 1220 daAuts
     D:6: 1194 daAuts
     D:5: 1146 daAuts
     D:8: 1036 daAuts
     D:9: 944 daAuts
     D:3: 729 daAuts
     D:2: 699 daAuts
     D:1: 665 daAuts
     D:7: 602 daAuts
     D:4: 601 daAuts
Gauntlet: 449 daAuts
    D:11: 66 daAuts
  Temple: 18 daAuts
